 Dungeon Crawl Stone Soup version 0.23-a0-395-gcf17ac6c65 (webtiles) character file.

61 Notair the Chopper (level 3, -1/31 HPs)
             Began as a Minotaur Gladiator on Nov 2, 2018.
             Slain by Sigmund
             ... wielding a +0 scythe
              (8 damage)
             ... on level 2 of the Dungeon.
             The game lasted 00:01:05 (763 turns).

Notair the Chopper (Minotaur Gladiator)              Turns: 763, Time: 00:01:06

Health: -1/31      AC:  3    Str: 19    XL:     3   Next: 83%
Magic:  2/2        EV: 12    Int:  5    God:
Gold:   61         SH:  0    Dex: 11    Spells: 2/2 levels left

rFire    . . .     SeeInvis .   a - +0 war axe
rCold    . . .     Gourm    .   (no shield)
rNeg     . . .     Faith    .   b - +0 leather armour
rPois    .         Spirit   .   c - +0 hat
rElec    .         Reflect  .   (no cloak)
rCorr    .         Harm     .   (no gloves)
MR       .....                  (no boots)
Stlth    +.........             (no amulet)
HPRegen  0.10/turn              (no ring)
MPRegen  0.08/turn              (no ring)

@: confused
A: retaliatory headbutt, horns 2
a: no special abilities


You were on level 2 of the Dungeon.
You were not hungry.

You visited 1 branch of the dungeon, and saw 2 of its levels.

You collected 61 gold pieces.

Inventory:

Hand Weapons
 a - a +0 war axe (weapon)
 j - a +0 hunting sling
Missiles
 d - 3 throwing nets (quivered)
 k - 27 stones
 n - 14 poisoned needles
Armour
 b - a +0 leather armour (worn)
 c - a +0 hat (worn)
 i - a +0 cloak
Jewellery
 g - an uncursed ring of positive energy {unknown}
Scrolls
 e - a scroll of amnesia {unknown}
 h - a scroll of noise {unknown}
 l - a scroll of remove curse {unknown}
 m - a scroll of identify {unknown}
Potions
 o - a potion of curing {unknown}
Comestibles
 f - 3 rations


   Skills:
 + Level 3.5 Fighting
 * Level 5.2 Axes
 - Level 2.0 Throwing
 - Level 3.2 Dodging


You had 2 spell levels left.
You didn't know any spells.
Your spell library was empty.

Dungeon Overview and Level Annotations

Branches:
Dungeon (2/15)

Altars:

Annotations:
D:2 Sigmund


Innate Abilities, Weirdness & Mutations

You reflexively headbutt those who attack you in melee.
You have a pair of horns on your head.


Message History

No target in view!
There is a strange disturbance nearby!
No target in view!
There is a strange disturbance nearby!
No target in view!
There is a strange disturbance nearby!
You hear some strange, mumbled words.
A puff of flame appears from out of thin air!
The puff of flame hits you! Something hits you.
No target in view!
Something barely misses you.
A magic dart appears from out of thin air!
The magic dart hits you!
You hear some strange, mumbled words.
You are confused.
Something hits you!
* * * LOW HITPOINT WARNING * * *
You bump into the rock wall.
Something hits you!
You die...

### #. ..##..# .#
#####.#...# .
...#.#.#.#.#
.######.#.#.#.#.#
........†.#.#...#
#.########.#..##...#
#.........@#..#..#
#####...####....#
#...# #..#..# #...#
#..##...#
#########...#
#.#.#...#
##...........#
#.#.#.#.#
##............#
#.#.#.#.#
#.............#
#.#...# .
......[.......#
#.##..# .#


There were no monsters in sight!

Vanquished Creatures
  Natasha (D:2)
  An adder (D:2)
  An ooze (D:1)
  A leopard gecko (D:1)
  4 bats (D:1)
  4 goblins
  3 hobgoblins
  A frilled lizard (D:2)
  3 kobolds (D:1)
  2 rats (D:1)
21 creatures vanquished.

Notes
Turn   | Place    | Note
-------+----------+-------------------------------------------
     0 | D:1      | Notair the Minotaur Gladiator began the quest for the Orb.
     0 | D:1      | Reached XP level 1. HP: 18/18 MP: 0/0
   143 | D:1      | Reached skill level 4 in Axes
   238 | D:1      | Reached XP level 2. HP: 25/25 MP: 1/1
   597 | D:2      | Noticed Natasha
   606 | D:2      | Killed Natasha
   606 | D:2      | Reached skill level 5 in Axes
   606 | D:2      | Reached XP level 3. HP: 18/31 MP: 2/2
   744 | D:2      | Noticed Sigmund
   763 | D:2      | Slain by Sigmund

Vault maps used:
D:1:      minmay_arrival_wavy_path, minmay_misc_feat_cross
D:2:      wad_crossroads, lemuel_round_altar, lemuel_zombie_altar_yredelemnul,
          grunt_ministairs_3, uniq_crazy_yiuf_cottage, uniq_jessica, uniq_robin,
          uniq_sigmund, uniq_natasha

Skill      XL: |  1  2 |
---------------+-------+-----
Axes           | 4 5 |  5.2
Fighting       | 3 |  3.5
Throwing       | |  2.0
Dodging        | |  3.2

Action                   || total
-------------------------++-------
Melee: War axe           ||    37
       Headbutt          ||     3
Armor: Leather armour    ||    13
Dodge: Dodged            ||    30

Table legend:
 A = Non-vault XP
 B = Vault XP
 C = Vault XP percentage of total XP
 D = Non-vault monster count
 E = Vault monster count
 F = Vault count percentage of total count
                 A         B        C        D         E       F
            +---------+---------+-------+---------+---------+-------
      Total |      49 |      39 |  44.3 |      18 |       3 |  14.3
            +---------+---------+-------+---------+---------+-------
        D:1 |      35 |       0 |   0.0 |      16 |       0 |   0.0
        D:2 |      14 |      39 |  73.6 |       2 |       3 |  60.0
            +---------+---------+-------+---------+---------+-------
